 Dungeon Crawl Stone Soup version 0.26.0-45-g9c1d065592 (webtiles) character file.

Game seed: 6424379569653775672

16770 thiole the Blocker (level 12, -2/93 HPs)
             Began as an Octopode Hedge Wizard on Jan 27, 2021.
             Was an Initiate of Gozag.
             Killed from afar by a gargoyle (16 damage)
             ... with a stone arrow
             ... on level 12 of the Dungeon.
             The game lasted 00:52:52 (17575 turns).

thiole the Blocker (Octopode Hedge Wizard)         Turns: 17575, Time: 00:52:53

Health: -2/93      AC:  7    Str: 10    XL:     12   Next: 41%
Magic:  17/28      EV: 13    Int: 20    God:    Gozag
Gold:   2854       SH: 14    Dex: 12    Spells: 6/21 levels left

rFire    . . .     SeeInvis .   f - +9 dagger (distort)
rCold    . . .     Faith    .   k - +3 kite shield
rNeg     . . .     Spirit   .   b - +2 hat
rPois    +         Reflect  .   h - amulet of magic regeneration
rElec    .         Harm     .   n - +4 ring of protection
rCorr    .         Rampage  .   o - ring of poison resistance
Will     .....                  y - ring of magical power
Stlth    ++++++....             C - ring of stealth
HPRegen  0.25/turn              (no ring)
MPRegen  0.46/turn              (no ring)
                                (no ring)
                                (no ring)

@: very slightly contaminated, studying Hexes
A: almost no armour, stealthy swim, amphibious, 8 rings, constrict 8, camouflage
1, blurry vision 1, robust 1, gelatinous body 1
a: Renounce Religion, Potion Petition, Call Merchant, Bribe Branch


You were on level 12 of the Dungeon.
You worshipped Gozag.
Gozag was most pleased with you.
You visited 2 branches of the dungeon, and saw 13 of its levels.

You collected 2960 gold pieces.
You paid 106 gold pieces to Gozag.

Inventory:

Hand Weapons
 a - a +4 dagger of venom
 f - a +9 dagger of distortion (weapon)
 D - the cursed +2 quarterstaff "Jalangie" {vorpal, *Rage rF+ Str+4, unknown}
   (You found it on level 10 of the Dungeon)

   It inflicts extra damage upon your enemies.
   It affects your strength (+4).
   It protects you from fire.
   It may make you go berserk in combat.
   It has a curse placed upon it.
Missiles
 i - 8 datura-tipped darts
 J - 2 atropa-tipped darts
Armour
 b - a +2 hat (worn)
 k - a +3 kite shield (worn)
Magical Staves
 w - an uncursed staff of fire
Jewellery
 d - an uncursed amulet of reflection
 h - an amulet of magic regeneration (around mantle)
 n - a +4 ring of protection (left tentacle)
 o - a ring of poison resistance (right tentacle)
 y - a ring of magical power (on tentacle)
 z - an uncursed amulet of faith
 C - a ring of stealth (on tentacle)
 K - the ring "Xaic" {Fire +Blink +Fly Str-4 SInv}
   (You found it on level 7 of the Dungeon)

   [ring of fire]

   It enhances your fire magic.
   It affects your strength (-4).
   It protects you from fire.
   It makes you vulnerable to cold.
   It lets you see invisible.
   It lets you fly.
   It lets you blink.
Wands
 l - a wand of iceblast (5)
 s - a wand of digging (10)
 G - a wand of flame (13)
 I - a wand of polymorph (6)
Scrolls
 g - 2 scrolls of identify
 j - a scroll of amnesia
 m - 5 scrolls of remove curse
 u - 3 scrolls of fog
 v - 6 scrolls of teleportation
 H - a scroll of magic mapping
Potions
 e - a potion of flight
 p - 4 potions of haste
 q - 3 potions of lignification
 r - a potion of curing
 t - a potion of brilliance
 x - 3 potions of attraction
 A - 2 potions of might
 B - a potion of ambrosia
 E - 3 potions of cancellation
 F - 2 potions of berserk rage
Books
 L - a manual of Hexes
Miscellaneous
 M - a box of beasts


   Skills:
 + Level 9.3 Fighting
 * Level 5.4 Short Blades
 - Level 2.0 Dodging
 + Level 7.8 Stealth
 + Level 12.2 Shields
 * Level 5.1 Spellcasting
 - Level 2.0 Conjurations
 - Level 8.0 Hexes
 - Level 4.0 Summonings
 - Level 1.0 Translocations
 - Level 5.0 Air Magic
 - Level 2.0 Poison Magic


You had 6 spell levels left.
You knew the following spells:

 Your Spells              Type           Power        Failure   Level
a - Magic Dart            Conj           52%          7%          1
b - Call Imp              Summ           21%          4%          2
c - Blink                 Tloc           N/A          16%         2
d - Mephitic Cloud        Conj/Pois/Air  17%          14%         3
e - Summon Lightning Spi  Summ/Air       23%          26%         4
f - Summon Guardian Gole  Hex/Summ       29%          4%          3

Your spell library contained the following spells:

 Spells                   Type           Power        Failure   Level
 Corona                   Hex            41%          1%          1
 Slow                     Hex            37%          1%          2
 Summon Small Mammal      Summ           84%          3%          1
 Cause Fear               Hex            18%          6%          4
 Portal Projectile        Hex/Tloc       46%          8%          3
 Call Canine Familiar     Summ           21%          10%         3
 Inner Flame              Hex/Fire       21%          10%         3
 Static Discharge         Conj/Air       19%          12%         3
 Leda's Liquefaction      Hex/Erth       10%          30%         4
 Conjure Flame            Conj/Fire      9%           32%         3
 Summon Ice Beast         Ice/Summ       13%          56%         4
 Metabolic Englaciation   Hex/Ice        10%          65%         5
 Lightning Bolt           Conj/Air       9%           71%         5
 Summon Hydra             Summ           10%          100%        7
 Ignition                 Fire           2%           100%        8
 Shatter                  Erth           2%           100%        9
 Tornado                  Air            12%          100%        9


Dungeon Overview and Level Annotations

Branches:
Dungeon (12/15)            Temple (1/1) D:6            Lair (0/6) D:11
    Orc (0/2) D:12

Altars:
Ashenzari
Cheibriados
Dithmenos
Elyvilon
Fedhas
Gozag
Hepliaklqana
Kikubaaqudgha
Makhleb
Nemelex Xobeh
Okawaru
Qazlal
Ru
Sif Muna
Trog
Uskayaw
Vehumet
Wu Jian
Xom
Yredelemnul
Zin
The Shining One

Shops:
D:4 [   D:5 }

Annotations:
D:9 2 transporters, Gadfly's ghost, novice OgMo


Innate Abilities, Weirdness & Mutations

You cannot wear most types of armour.
You are very stealthy in the water. (Stealth+)
You are amphibious.
You can wear up to eight rings at the same time.
You can use your tentacles to constrict eight enemies at once.
Your skin changes colour to match your surroundings (Stealth+).
Your rubbery body absorbs attacks. (AC +1, EV +1)
Scrolls take you a little longer to read.
You are robust. (+10% HP)


Message History

As you read the scroll of fear, it crumbles to dust.
You assume a fearsome visage.
Your lightning spire is unaffected.
The gargoyle is unaffected.
The skeletal warrior is unaffected.
Casting: Summon Lightning Spire (dangerous; 26% risk of failure)
Confirm with . or Enter, or press ? or * to list all spells.
You blink.
You lose your grip on the skeletal warrior.
The skeletal warrior hits your lightning spire with a +0 vorpal mace!
Your lightning spire is destroyed!
Casting: Blink (safe; 16% risk of failure)
Confirm with . or Enter, or press ? or * to list all spells.
You miscast Blink.
You are very lightly contaminated with residual magic.
Nothing appears to happen.
The gargoyle hurls a stone arrow at you.
The stone arrow hits you!
You die...
Your body crumbles into a pile of gold.

########.....>.....>.....#
.........................#
..........................
.............############
###########..# #..#
############..#
.........).z..################
.......)...9.@)....$........z.
############..................
#.################# #.# #.#
#.# #.# #.# #.


You could see a skeletal warrior and a gargoyle.

Vanquished Creatures
  Frances (D:12)
  A hydra (D:11)
  Erica (D:10)
  A two-headed ogre (D:8)
  Urug (D:10)
  Sonja (D:10)
  A skeletal warrior (D:12)
  Pikel (D:7)
  An unseen horror (D:7)
  A cyclops (D:12)
  An ugly thing (D:11)
  Psyche (D:9)
  2 gargoyles (D:12)
  A centaur skeleton (D:12)
  2 kobold demonologists (D:11)
  2 trolls
  6 yaks
  Sigmund (D:6)
  2 wyverns (D:10)
  Menkaure (D:5)
  An acid dragon (D:11)
  A water moccasin (D:8)
  3 orc warriors (D:7)
  An ice beast (D:8)
  An eye of draining (D:7)
  A hornet zombie (D:8)
  3 phantoms
  6 ogres
  A necrophage (D:11)
  A lemure (D:7)
  A big kobold (D:11)
  9 bullfrogs
  A wyvern zombie (D:7)
  4 scorpions
  6 wights
  A bullfrog zombie (D:6)
  2 jellies
  2 centaur zombies
  3 orc priests
  4 hounds
  4 iguanas
  An orc wizard (D:7)
  Jessica (D:2)
  5 bullfrog skeletons
  A hell rat (D:5)
  8 worker ants
  A hound skeleton (D:9)
  A worker ant zombie (D:5)
  18 adders
  6 river rats (D:5)
  2 shadow imps
  3 white imps
  2 ufetubi
  An ooze (D:3)
  An adder zombie (D:7)
  3 leopard geckos
  25 orcs
  4 ball pythons (D:4)
  7 bats
  2 giant cockroaches
  12 goblins
  13 hobgoblins
  14 jackals
  2 quokkas
  4 frilled lizards
  A jackal skeleton (D:7)
  13 kobolds
  A quokka skeleton (D:4)
  25 rats
262 creatures vanquished.

Vanquished Creatures (collateral kills)
  Erolcha (D:10)
  A skeletal warrior (D:12)
  A kobold demonologist (D:11)
  Prince Ribbit (D:6)
  A wyvern (D:11)
  A wraith (D:11)
  A yak (D:11)
  An orc warrior (D:11)
  An ice beast (D:7)
  2 black bears
  A phantom (D:8)
  2 ogres (D:7)
  A bullfrog (D:11)
  A wight (D:8)
  A hound (D:6)
  An orc wizard (D:11)
  An orc priest (D:11)
  A centaur skeleton (D:6)
  A worker ant (D:6)
  An adder (D:11)
  A shadow imp (D:8)
  A white imp (D:8)
  8 orcs
  2 kobolds (D:11)
  A quokka (D:8)
  A ball python (D:6)
36 creatures vanquished.

Vanquished Creatures (others)
  An electric eel (D:8)
  23 plants (D:8)
24 creatures vanquished.

Grand Total: 322 creatures vanquished

Notes
Turn   | Place    | Note
-------+----------+-------------------------------------------
     0 | D:1      | thiole the Octopode Hedge Wizard began the quest for the
                  | Orb.
     0 | D:1      | Reached XP level 1. HP: 11/11 MP: 4/4
   447 | D:1      | Reached XP level 2. HP: 16/17 MP: 1/6
  1481 | D:2      | Reached XP level 3. HP: 16/21 MP: 7/7
  1741 | D:2      | Noticed Jessica
  1748 | D:2      | Killed Jessica
  1749 | D:2      | Reached XP level 4. HP: 9/27 MP: 9/9
  3216 | D:3      | Reached XP level 5. HP: 24/31 MP: 6/10
  3707 | D:3      | Reached skill level 5 in Stealth
  4211 | D:4      | Reached skill level 1 in Shields
  4226 | D:4      | Found Juam's Armour Boutique.
  4250 | D:4      | Found an ancient bone altar of Kikubaaqudgha.
  4357 | D:4      | Reached skill level 1 in Fighting
  4742 | D:4      | Reached skill level 2 in Shields
  4742 | D:4      | Reached XP level 6. HP: 38/38 MP: 12/12
  5012 | D:4      | Found a white marble altar of Elyvilon.
  5133 | D:5      | Entered Level 5 of the Dungeon
  5156 | D:5      | Noticed Menkaure
  5417 | D:5      | Reached skill level 3 in Shields
  5451 | D:5      | Found a broken altar of Ashenzari.
  5562 | D:5      | Found a radiant altar of Vehumet.
  5866 | D:5      | Found a glowing silver altar of Zin.
  5906 | D:5      | Reached XP level 7. HP: 45/45 MP: 13/13
  5917 | D:5      | Reached skill level 4 in Shields
  6018 | D:5      | Learned a level 2 spell: Call Imp
  6021 | D:5      | Learned a level 2 spell: Blink
  6025 | D:5      | Learned a level 3 spell: Mephitic Cloud
  6050 | D:5      | Found the +2 ratskin cloak {*Rats rPois rN+ Str-1 Int-1
                  | Dex+1}
  6926 | D:5      | Found Eshradueh's Gadget Emporium.
  6986 | D:5      | Reached skill level 1 in Poison Magic
  7168 | D:5      | Killed Menkaure
  7169 | D:5      | Reached skill level 1 in Air Magic
  7670 | D:6      | Found a staircase to the Ecumenical Temple.
  7675 | Temple   | Entered the Ecumenical Temple
  7712 | Temple   | Became a worshipper of Gozag Ym Sagoz the Greedy
  7856 | D:6      | Noticed Sigmund
  7871 | D:6      | Killed Sigmund
  7872 | D:6      | Reached skill level 5 in Shields
  7872 | D:6      | Reached XP level 8. HP: 35/54 MP: 14/14
  8294 | D:6      | You fall into a shaft and drop 1 floor!
  8306 | D:7      | Reached skill level 6 in Shields
  8806 | D:7      | Reached skill level 5 in Fighting
  8806 | D:7      | Reached skill level 7 in Shields
  9268 | D:7      | Noticed Pikel
  9305 | D:7      | Killed Pikel
  9306 | D:7      | Reached skill level 8 in Shields
  9306 | D:7      | Reached XP level 9. HP: 20/62 MP: 15/15
  9590 | D:7      | Found a bloodstained altar of Trog.
  9824 | D:7      | Killed an unseen horror
  9825 | D:7      | Reached skill level 9 in Shields
 10210 | D:7      | Got a crude lead ring
 10212 | D:7      | Identified the Volume of Creative Enchantment
 10303 | D:7      | Learned a level 4 spell: Summon Lightning Spire
 10402 | D:7      | Identified the ring "Xaic" {Fire +Blink +Fly Str-4 SInv}
                  | (You found it on level 7 of the Dungeon)
 11017 | D:8      | Reached XP level 10. HP: 71/71 MP: 16/16
 11083 | D:8      | Reached skill level 1 in Hexes
 11120 | D:8      | Reached skill level 10 in Shields
 11409 | D:8      | Identified a scroll of acquirement
 11409 | D:8      | Acquired 1006 gold pieces
 12172 | D:8      | Noticed a two-headed ogre
 12258 | D:8      | Killed a two-headed ogre
 12704 | D:6      | Noticed Prince Ribbit
 12728 | D:6      | Killed Prince Ribbit
 13213 | D:6      | Found a basalt altar of Yredelemnul.
 13284 | D:6      | Found an ornate altar of the Wu Jian Council.
 13886 | D:9      | Noticed Psyche
 13899 | D:9      | Killed Psyche
 14279 | D:9      | Found an iron altar of Okawaru.
 14284 | D:9      | Noticed a death knight
 14315 | D:9      | Found a transporter.
 14317 | D:9      | Found a transporter.
 14322 | D:9      | Noticed Gadfly's ghost (novice OgMo)
 14509 | D:10     | Entered Level 10 of the Dungeon
 14596 | D:10     | Noticed Sonja
 14610 | D:10     | Killed Sonja
 14611 | D:10     | Reached skill level 11 in Shields
 14611 | D:10     | Reached skill level 5 in Hexes
 14611 | D:10     | Reached XP level 11. HP: 69/77 MP: 17/17
 14703 | D:10     | Noticed Urug
 14708 | D:10     | Killed Urug
 14870 | D:10     | Noticed Erica
 14887 | D:10     | Killed Erica
 15230 | D:10     | Reached skill level 5 in Air Magic
 15635 | D:10     | Noticed Erolcha
 15653 | D:10     | Killed Erolcha
 15939 | D:10     | Got a transparent quarterstaff
 15987 | D:11     | Noticed a four-headed hydra
 16007 | D:11     | Killed a four-headed hydra
 16008 | D:11     | Reached skill level 1 in Short Blades
 16180 | D:11     | Noticed a boulder beetle
 16207 | D:11     | Banished a boulder beetle
 16306 | D:11     | Gained mutation: Your magical capacity is low. (-10% MP)
                  | [potion of mutation]
 16306 | D:11     | Gained mutation: You have supernaturally acute eyesight.
                  | (SInv) [potion of mutation]
 16306 | D:11     | Lost mutation: You have supernaturally acute eyesight.
                  | (SInv) [potion of mutation]
 16306 | D:11     | Gained mutation: You passively map a small area around you.
                  | [potion of mutation]
 16307 | D:11     | Lost mutation: Your magical capacity is low. (-10% MP)
                  | [potion of mutation]
 16307 | D:11     | Lost mutation: You passively map a small area around you.
                  | [potion of mutation]
 16307 | D:11     | Gained mutation: Scrolls take you a little longer to read.
                  | [potion of mutation]
 16307 | D:11     | Gained mutation: You are robust. (+10% HP) [potion of
                  | mutation]
 16504 | D:11     | Found a staircase to the Lair.
 16801 | D:11     | Noticed a green ugly thing
 16808 | D:11     | Killed a green ugly thing
 16905 | D:11     | Reached skill level 12 in Shields
 16905 | D:11     | Reached XP level 12. HP: 82/93 MP: 18/18
 17231 | D:11     | Learned a level 3 spell: Summon Guardian Golem
 17304 | D:12     | Found a staircase to the Orcish Mines.
 17406 | D:12     | Noticed Frances
 17420 | D:12     | Killed Frances
 17421 | D:12     | Reached skill level 5 in Short Blades
 17534 | D:12     | Reached skill level 5 in Spellcasting
 17575 | D:12     | Killed from afar by a gargoyle

Illustrated notes

Levels and vault maps discovered:
D:1:      dpeg_arrival_round_b, layout_loops_ring, minmay_pentomino_w4
D:2:      minmay_general_purpose_star, layout_loops_corners, uniq_jessica
D:3:      layout_basic, guppyfry_early_orc_mine
D:4:      layout_loops_ring, lemuel_doored_altar, elyvilon_altar_4,
          serial_shops, shop, corexii_item_surrounded_by_moat,
          minmay_door_square, minmay_snake_closets
D:5:      wander_guarded_unrand_ratskin, layout_basic, old_standard_altar,
          vehumet_crystals, nicolae_ashenzari_panopticon, serial_shops,
          nicolae_shop_behind_doors, uniq_menkaure
D:6:      layout_loops_ring, nzn_wu_jian_council_hall,
          lemuel_coloured_pillars_altar, minmay_temple_entry_sparse_star,
          minivault_24, lightli_orcish_oven, uniq_sigmund, uniq_prince_ribbit1
D:7:      layout_cave_pods, trog_eyes_of_draining, minmay_the_grid_2x2
          [minmay_the_grid_doors, minmay_the_grid_tree,
          minmay_the_grid_aliased_spiral, minmay_the_grid_prize_trominoes],
          uniq_pikel
D:8:      layout_basic, serial_bayou, serial_bayou_pond_c, serial_bayou_pond_e,
          serial_bayou_pond_e, serial_bayou_pond_d, serial_bayou_pond_c
D:9:      layout_layer_cave, okawaru_trees_2, gammafunk_ghost_mausoleum,
          uniq_psyche
D:10:     layout_roguey, uniq_urug, uniq_erolcha, uniq_sonja, uniq_erica
D:11:     layout_basic, lair_entry_dummy
D:12:     layout_long_grid, orc_0_dummy, minivault_1, drop_trap, uniq_nessos,
          uniq_frances, uniq_nergalle, uniq_maurice
Temple:   cyrus_circular_temple

Skill      XL: |  1  2  3  4  5  6  7  8  9 10 11 12 |
---------------+-------------------------------------+-----
Stealth        | 3 4 5 6 7 |  7.8
Conjurations   | 2 |  2.0
Summonings     | 2 4 |  4.0
Spellcasting   | 4 5 |  5.1
Shields        | 2 3 5 8 9 11 12 | 12.2
Fighting       | 1 2 3 5 7 8 9 |  9.3
Poison Magic   | 2 |  2.0
Air Magic      | 2 4 5 |  5.0
Hexes          | 5 7 8 |  8.0
Short Blades   | 4 5 |  5.4
Dodging        | |  2.0
Translocations | |  1.0

Action                   |  1- 3 |  4- 6 |  7- 9 | 10-12 || total
-------------------------+-------+-------+-------+-------++-------
Melee: Dagger            |    30 |   201 |   268 |   281 ||   780
       Constrict         |    11 |    38 |    46 |    45 ||   140
       Tentacles         |     5 |    44 |    50 |    52 ||   151
 Cast: Magic Dart        |    33 |    51 |    43 |    95 ||   222
       Call Imp          |       |       |    64 |    77 ||   141
       Mephitic Cloud    |       |       |     7 |    18 ||    25
       Summon Lightning  |       |       |       |    16 ||    16
       Blink             |       |       |       |     2 ||     2
Evoke: Wand              |       |       |     9 |     4 ||    13
  Use: Scroll            |       |       |    22 |    17 ||    39
       Potion            |       |       |     2 |    12 ||    14
 Stab: Sleeping          |     2 |    14 |    12 |    28 ||    56
       Paralysed         |       |       |     4 |       ||     4
       Distracted        |       |       |     3 |     2 ||     5
       Confused          |       |       |     3 |     1 ||     4
Armor: Skin              |     1 |    32 |    31 |    38 ||   102
Dodge: Dodged            |    10 |    67 |    81 |    70 ||   228
Block: Kite shield       |     5 |    59 |    95 |   174 ||   333
